 Dungeon Crawl Stone Soup version 0.25-a0-1136-gc1285e62ab (webtiles) character file.

Game seed: 459342613409965694, levelgen mode: deterministic

241550 alkemann the Warrior (level 18, -11/178 HPs)
             Began as a Centaur Hunter on May 23, 2020.
             Was the Champion of Okawaru.
             Killed from afar by Boris (51 damage)
             ... with a bolt of cold
             ... on level 1 of the Vaults on Aug 22, 2020.
             The game lasted 03:47:57 (48117 turns).

alkemann the Warrior (Centaur Hunter)              Turns: 48117, Time: 03:47:58

Health: -11/178    AC: 29    Str: 20    XL:     18   Next: 65%
Magic:  24/25      EV:  4    Int: 10    God:    Okawaru [******]
Gold:   2280       SH:  0    Dex: 17    Spells: 17/17 levels left

rFire    . . .     SeeInvis +   d - +3 longbow of Oxuiqiwo {speed, Str+2}
rCold    . . .     Gourm    .   (shield currently unavailable)
rNeg     . . .     Faith    +   L - +4 storm dragon scales {Bai Suzhen}
rPois    +         Spirit   .   V - +2 helmet
rElec    +         Reflect  .   N - scarf {repulsion}
rCorr    +         Harm     .   T - +0 pair of gloves "Tiekhaoc" {rPois rCorr Dex+2 Stlth+}
MR       +....                  v - +1 centaur barding {Stlth+}
Stlth    +.........             n - amulet of faith
HPRegen  0.39/turn              M - ring of Veareint {+Blink SInv}
MPRegen  0.19/turn              U - +4 ring of slaying

@: slowed, drained, repel missiles
A: large, hooves 3, deformed body, speed 2, tough skin 3
}: 2/15 runes: decaying, gossamer
a: Heroism, Finesse, Renounce Religion, Evoke Blink


You were on level 1 of the Vaults.
You worshipped Okawaru.
Okawaru was exalted by your worship.
You were not hungry.

You visited 7 branches of the dungeon, and saw 34 of its levels.
You also visited: Bailey and Ice Cave.

You collected 3389 gold pieces.
You spent 1109 gold pieces at shops.

Inventory:

Hand Weapons
 d - the +3 longbow of Oxuiqiwo (weapon) {speed, Str+2}
   (Okawaru gifted it to you on level 3 of the Lair of Beasts)

   Attacks with this weapon are significantly faster.
   It affects your strength (+2).
 J - the +8 dagger "Yreaz" {vorpal, rPois Dex+4 Stlth+}
   (You found it on level 2 of the Swamp)

   It inflicts extra damage upon your enemies.
   It affects your dexterity (+4).
   It protects you from poison.
   It makes you more stealthy.
Missiles
 X - 373 arrows (quivered)
Armour
 c - a +0 hat of magic resistance
 e - a +5 ring mail of magic resistance
 v - a +1 centaur barding of stealth (worn)
 L - +4 storm dragon scales (worn) {Bai Suzhen}
 N - a scarf of repulsion (worn)
 S - the +18 shield of the Gong {rElec rN+ MR+ EV-5}
   (You found it on level 5 of the Dungeon)

   It affects your evasion (-5).
   It insulates you from electricity.
   It protects you from negative energy.
   It affects your resistance to hostile enchantments.
 T - the +0 pair of gloves "Tiekhaoc" (worn) {rPois rCorr Dex+2 Stlth+}
   (Okawaru gifted it to you on level 4 of the Swamp)

   It affects your dexterity (+2).
   It protects you from poison.
   It provides partial protection from all sources of acid and corrosion.
   It makes you more stealthy.
 V - a +2 helmet (worn)
Jewellery
 n - an amulet of faith (around neck)
 z - the ring "Vuxan" {rC+ MR+ Dex+5 Stlth+}
   (You found it on level 3 of the Swamp)

   [ring of stealth]

   It affects your dexterity (+5).
   It protects you from cold.
   It affects your resistance to hostile enchantments.
   It makes you more stealthy.
 F - an uncursed ring of protection from cold {unknown}
 M - the ring of Veareint (left hand) {+Blink SInv}
   (You acquired it on level 4 of the Lair of Beasts)

   [ring of see invisible]

   It lets you see invisible.
   It lets you blink.
 R - an uncursed ring of protection from fire
 U - a +4 ring of slaying (right hand)
Wands
 k - a wand of polymorph (29)
 r - a wand of paralysis (18)
 B - a wand of digging (5)
 H - a wand of acid (24)
 K - a wand of clouds (18)
Scrolls
 a - 2 scrolls of identify
 g - 4 scrolls of fear
 i - 3 scrolls of immolation
 l - 2 scrolls of summoning
 m - 4 scrolls of remove curse
 s - 8 scrolls of fog
 x - 4 scrolls of enchant weapon
 y - a scroll of blinking
 C - 9 scrolls of teleportation
 E - a scroll of vulnerability {unknown}
 Q - a scroll of magic mapping
 W - 2 scrolls of silence
Potions
 b - 4 potions of flight
 j - 2 potions of magic
 o - 2 potions of invisibility
 p - 16 potions of curing
 q - 7 potions of haste
 t - 3 potions of resistance
 u - 7 potions of heal wounds
 w - 7 potions of ambrosia
 A - 2 potions of mutation
 P - 5 potions of stabbing
 Y - 4 potions of might
Miscellaneous
 h - 2 boxes of beasts
Comestibles
 f - 46 rations


   Skills:
 + Level 20.3(19.4) Fighting
   Level 4.1(3.5) Long Blades
 - Level 20.0(19.1) Bows
 - Level 4.6(4.0) Throwing
 + Level 12.5(11.8) Armour
 - Level 1.3(0.8) Dodging
 - Level 0.4(0.0) Stealth
 - Level 3.1(2.6) Shields
 - Level 8.0(7.3) Invocations
 - Level 9.8(9.1) Evocations


You had 17 spell levels left.
You didn't know any spells.
Your spell library contained the following spells:

 Spells                   Type           Power        Failure   Level  Hunger
 Foxfire                  Conj/Fire      #...         94%         1    ##.....
 Infusion                 Chrm           #...         94%         1    ##.....
 Magic Dart               Conj           #...         94%         1    ##.....
 Sandblast                Erth           #.....       94%         1    ##.....
 Sting                    Tmut/Pois      #...         94%         1    ##.....
 Summon Small Mammal      Summ           #...         94%         1    ##.....
 Blink                    Tloc           N/A          98%         2    ###....
 Call Imp                 Summ           #.......     98%         2    ###....
 Passwall                 Tmut/Erth      #.......     98%         2    ###....
 Poisonous Vapours        Pois/Air       #.....       98%         2    ###....
 Searing Ray              Conj           #.....       98%         2    ###....
 Shroud of Golubria       Chrm/Tloc      #.....       98%         2    ###....
 Slow                     Hex            #.......     98%         2    ###....
 Song of Slaying          Chrm           #.......     98%         2    ###....
 Call Canine Familiar     Summ           #.......     100%        3    ####...
 Conjure Flame            Conj/Fire      #.......     100%        3    ####...
 Dazzling Flash           Conj/Hex       #.....       100%        3    ####...
 Ignite Poison            Fire/Tmut/Pois #.......     100%        3    ####...
 Inner Flame              Hex/Fire       #.......     100%        3    ####...
 Mephitic Cloud           Conj/Pois/Air  #.......     100%        3    ####...
 Ozocubu's Armour         Chrm/Ice       #.......     100%        3    ####...
 Spectral Weapon          Hex/Chrm       #.......     100%        3    ####...
 Stone Arrow              Conj/Erth      #.....       100%        3    ####...
 Summon Guardian Golem    Hex/Summ       #.......     100%        3    ####...
 Fulminant Prism          Conj/Hex       #.........   100%        4    #####..
 Iskenderun's Mystic Bla  Conj/Tloc      #.......     100%        4    #####..
 Olgreb's Toxic Radiance  Pois           #.......     100%        4    #####..
 Petrify                  Tmut/Erth      #.......     100%        4    #####..
 Sticky Flame             Conj/Fire      #.......     100%        4    #####..
 Summon Ice Beast         Ice/Summ       #.......     100%        4    #####..
 Summon Lightning Spire   Summ/Air       #.......     100%        4    #####..
 Agony                    Necr           #.......     100%        5    ######.
 Alistair's Intoxication  Tmut/Pois      #.......     100%        5    ######.
 Borgnjor's Vile Clutch   Necr/Erth      #.........   100%        5    ######.
 Fireball                 Conj/Fire      #.........   100%        5    ######.
 Lee's Rapid Deconstruct  Erth           #.........   100%        5    ######.
 Simulacrum               Ice/Necr       #.........   100%        6    #######
 Starburst                Conj/Fire      #.........   100%        6    #######
 Ring of Flames           Chrm/Fire      #.........   100%        7    #######
 Ignition                 Fire           #.........   100%        8    #######


Dungeon Overview and Level Annotations

Branches:
Dungeon (15/15)            Temple (1/1) D:5            Lair (6/6) D:10
  Swamp (4/4) Lair:4       Spider (4/4) Lair:2          Orc (2/2) D:9
    Elf (0/3) Orc:2        Vaults (2/5) D:14         Depths (0/5) D:15
 Bailey (visited)           IceCv (visited)
  Slime: Lair:5-6     Crypt: Vaults:2-3

Altars:
Ashenzari
Cheibriados
Dithmenos
Elyvilon
Fedhas
Gozag
Hepliaklqana
Makhleb
Nemelex Xobeh
Okawaru
Qazlal
Ru
Sif Muna
Trog
Uskayaw
Vehumet
Wu Jian
Xom
Yredelemnul
Zin
The Shining One
Beogh

Shops:
D:5 [   D:12 }%   Orc:2 %}*%*   Vaults:1 *

Annotations:
D:3 Terence
Lair:1 !Sonja
Lair:4 exclusion: oklob plant
Lair:5 exclusion: oklob plant
Swamp:3 1 runed translucent door, loom's ghost, adept TrMo
Vaults:1 Boris


Innate Abilities, Weirdness & Mutations

You have hooves in place of feet.
Armour fits poorly on your strangely shaped body.
You cover ground very quickly.
You have extremely tough skin. (AC +3)


Message History

Press: ? - help, Shift-Dir - straight line, f/p - Boris
Aim: Boris, wearing a +2 robe of cold resistance (heavily damaged, slightly transparent)
You shoot an arrow. The arrow barely misses Boris.
Boris says, "I know your future.
Your future is death."
Boris gestures at you while chanting. The bolt of cold hits you!!
* * * LOW HITPOINT WARNING * * *
Firing (i - inventory)
X - 374 arrows (quivered)
Press: ? - help, Shift-Dir - straight line, f/p - Boris
Aim: Boris, wearing a +2 robe of cold resistance (heavily damaged, slightly transparent)
You shoot an arrow. The arrow hits Boris!!!
Boris is severely damaged.
Boris hits you!
* * * LOW HITPOINT WARNING * * *
Boris touches you but does no damage.
You blink.
You feel slightly more hungry.
You blink.
You feel slightly more hungry. Boris casts a spell at you.
The bolt of cold hits you!!!
You die...

#...# ######### #...#
#...##########################
#.............................
#...........................).
#.............................
#.............................
#...########................##
#...#..)...#.@..>..########.#.
#...#'####.#.......#......#.#.
#...#..#.#.#.......#......#.#.
#...#..'.#.#......§#.>....#.#.
#...#'####.#.......#.(....#.#.
#...#......'......L#......§.'.
#...########.......'......#.#.
#..................#.(....#.##
#..................######+#...


You could see Boris.

Vanquished Creatures
  Bai Suzhen (Swamp:4)
  Rupert (D:13)
  2 thorn hunters (Swamp:4)
  3 ghost moths
  8 emperor scorpions (Spider:4)
  Aizul (Spider:3)
  2 vault wardens (Vaults:1)
  A very ugly thing (Swamp:4)
  3 ironheart preservers (Vaults:1)
  3 entropy weavers
  A deep elf annihilator (Vaults:1)
  A dire elephant (Lair:6)
  A spark wasp (Spider:4)
  A fire dragon (D:15)
  2 yaktaur captains (Vaults:1)
  Josephine (D:12)
  A great orb of eyes (Vaults:1)
  A rakshasa (D:15)
  An ice dragon (D:15)
  22 hydras
  2 ghost crabs (Swamp:2)
  4 vault guards
  A merfolk avatar (Lair:6)
  An ogre mage (D:15)
  A death knight (Vaults:1)
  3 centaur warriors
  6 two-headed ogres
  15 alligators
  A deep troll earth mage (Vaults:1)
  An orc high priest (Orc:2)
  A queen ant (Lair:4)
  Sonja (Lair:1)
  12 spriggans
  4 skeletal warriors (D:15)
  5 unseen horrors
  2 spriggan druids (Swamp:4)
  3 sea snakes (Lair:6)
  2 deep trolls (Vaults:1)
  13 swamp dragons
  4 orc knights
  3 deep elf archers (Vaults:1)
  A glowing orange brain (Vaults:1)
  2 wizards
  3 lindwurms (Swamp:4)
  3 necromancers (D:14)
  An ironbrand convoker (Vaults:1)
  A harpy (shapeshifter) (Vaults:1)
  5 deep elf magi
  15 orb spiders
  25 wolf spiders
  A harpy (Lair:6)
  7 orc sorcerers
  8 cyclopes
  A wolf spider zombie (D:15)
  12 elephants
  25 ugly things
  A manticore (D:14)
  3 moths of wrath (Spider:4)
  A vault sentinel (Vaults:1)
  4 centaur zombies
  2 black mambas
  2 gargoyles
  15 spiny frogs
  A rime drake (shapeshifter) (Vaults:1)
  18 demonic crawlers
  6 komodo dragons
  3 centaur skeletons
  2 kobold demonologists
  4 rime drakes
  8 yaktaurs (Vaults:1)
  5 polar bears (Lair:6)
  23 jumping spiders
  A queen bee (D:14)
  7 trolls
  A polar bear (shapeshifter) (Vaults:1)
  3 meliai (D:14)
  13 slime creatures
  A troll (shapeshifter) (D:15)
  19 hornets
  13 blink frogs
  11 tyrant leeches
  7 bog bodies
  13 dream sheep
  2 centaur simulacra (D:14)
  9 hippogriffs
  42 tarantellas
  4 wraiths
  64 redbacks
  32 yaks
  A shadow (D:15)
  3 wyverns
  3 hungry ghosts
  A fire elemental (Lair:3)
  19 humans (D:14)
  3 basilisks
  A steam dragon (D:11)
  22 vampire mosquitoes
  A human simulacrum (Vaults:1)
  2 wargs
  8 insubstantial wisps
  19 swamp worms
  A swamp worm (shapeshifter) (Vaults:1)
  20 soldier ants
  4 acid dragons
  23 orc warriors
  12 porcupines
  17 water moccasins
  7 swamp drakes
  Duvessa (D:4)
  An ice beast (D:11)
  6 phantoms
  A hornet zombie (D:8)
  A black bear (D:10)
  2 sky beasts
  2 eyes of draining
  11 ogres
  15 wolves
  12 centaurs
  22 crocodiles
  2 big kobolds
  20 bullfrogs
  8 gnoll sergeants (Bailey)
  A wyvern zombie (D:10)
  3 wyvern skeletons
  6 scorpions
  Dowan (D:4)
  An orc simulacrum (Vaults:1)
  A wight (D:11)
  39 killer bees
  A howler monkey (D:6)
  A lava snake (Lair:3)
  5 crimson imps
  4 bullfrog zombies
  22 orc priests
  A bullfrog skeleton (D:10)
  A jelly (D:5)
  6 gnoll shamans (Bailey)
  9 hounds
  28 orc wizards
  Ijyb (D:5)
  4 hell rats (Lair:4)
  4 iguanas
  24 worker ants
  A hound skeleton (D:10)
  2 worker ant zombies
  11 adders
  21 gnolls
  4 river rats (Lair:1)
  6 shadow imps
  11 white imps (Lair:3)
  3 oozes
  2 dart slugs (D:1)
  2 worms (D:2)
  6 leopard geckos
  67 orcs
  4 giant cockroaches
  5 hobgoblins
  2 jackals (D:2)
  9 quokkas
  15 bats
  3 frilled lizards
  12 goblins
  15 kobolds
  A leopard gecko skeleton (D:5)
  8 rats
  A fungus (Lair:3)
1237 creatures vanquished.

Vanquished Creatures (others)
  A wizard (D:14)
  A redback (Spider:1)
  A white imp (Lair:3)
  20 fungi
  24 plants
47 creatures vanquished.

Grand Total: 1284 creatures vanquished

Notes
Turn   | Place    | Note
-------+----------+-------------------------------------------
     0 | D:1      | alkemann the Centaur Hunter began the quest for the Orb.
     0 | D:1      | Reached XP level 1. HP: 17/17 MP: 1/1
   164 | D:1      | Reached XP level 2. HP: 24/24 MP: 2/2
   405 | D:1      | Reached XP level 3. HP: 28/30 MP: 3/3
  1079 | D:2      | Reached XP level 4. HP: 30/38 MP: 4/4
  1858 | D:2      | Found a shimmering blue altar of Sif Muna.
  1858 | D:2      | Found a radiant altar of Vehumet.
  2004 | D:3      | Reached XP level 5. HP: 43/45 MP: 5/5
  2031 | D:3      | Noticed an ogre
  2056 | D:3      | Killed an ogre
  2093 | D:3      | Noticed Terence
  2203 | D:3      | Reached XP level 6. HP: 9/52 MP: 6/6
  2868 | D:3      | Found an ornate altar of the Wu Jian Council.
  3810 | D:4      | Found a white marble altar of Elyvilon.
  4154 | D:4      | Noticed Dowan
  4183 | D:4      | Killed Dowan
  4202 | D:4      | Noticed Duvessa
  4227 | D:5      | Entered Level 5 of the Dungeon
  4297 | D:5      | Reached XP level 7. HP: 27/60 MP: 7/7
  4516 | D:5      | Found Tauso's Antique Armour Shoppe.
  4522 | D:5      | Bought a shiny ring mail for 140 gold pieces
  4578 | D:5      | Noticed Ijyb
  4726 | D:5      | Reached skill level 10 in Bows
  4812 | D:5      | Killed Ijyb
  4890 | D:5      | Reached skill level 5 in Fighting
  4937 | D:5      | Found the +18 shield of the Gong {rElec rN+ MR+ EV-5}
  5047 | D:4      | Got an encrusted cloak
  5126 | D:4      | Killed Duvessa
  5321 | D:5      | Found a staircase to the Ecumenical Temple.
  5331 | Temple   | Entered the Ecumenical Temple
  5434 | Temple   | Became a worshipper of Warmaster Okawaru
  5704 | D:5      | Found a sacrificial altar of Ru.
  5862 | D:6      | Reached XP level 8. HP: 69/69 MP: 8/8
  6424 | D:6      | Identified the +1 cloak of Melancholy {rC++ Int+4 Dex-5
                  | Stlth+} (You found it on level 4 of the Dungeon)
  6819 | D:6      | Reached * piety under Okawaru
  6819 | D:6      | Reached skill level 1 in Armour
  6819 | D:6      | Reached skill level 1 in Shields
  7246 | D:6      | Reached skill level 1 in Long Blades
  7430 | D:7      | Found a bloodstained altar of Trog.
  7990 | D:8      | Reached XP level 9. HP: 72/78 MP: 9/9
  8368 | D:8      | Found a shadowy altar of Dithmenos.
  8417 | D:8      | Reached ** piety under Okawaru
  8447 | D:8      | Identified the cursed +0 dagger "Suntastryump" {drain, rF+
                  | rN+ Str+4}
  8546 | D:8      | Noticed a troll
  8570 | D:8      | Killed a troll
  9008 | D:9      | Found a shattered altar of Ashenzari.
  9747 | D:9      | Found a shattered altar of Ashenzari.
  9876 | D:9      | Found a hazy altar of Hepliaklqana.
  9917 | D:9      | Reached *** piety under Okawaru
 10097 | D:9      | Reached XP level 10. HP: 86/91 MP: 10/10
 10211 | D:9      | Reached skill level 10 in Fighting
 10494 | D:9      | Found a staircase to the Orcish Mines.
 10536 | D:10     | Entered Level 10 of the Dungeon
 10645 | D:10     | Reached **** piety under Okawaru
 10659 | D:10     | Received a gift from Okawaru
 11161 | D:10     | Killed an unseen horror
 11549 | D:10     | Reached ***** piety under Okawaru
 11604 | D:10     | Received a gift from Okawaru
 11803 | D:10     | Noticed a cyclops
 11836 | D:10     | Killed a cyclops
 12080 | D:10     | Found a staircase to the Lair.
 12142 | D:10     | Received a gift from Okawaru
 12161 | D:10     | Killed an unseen horror
 12161 | D:10     | Reached XP level 11. HP: 82/105 MP: 11/11
 12565 | D:11     | Reached skill level 1 in Throwing
 12580 | D:11     | Noticed a two-headed ogre
 12583 | D:11     | Received a gift from Okawaru
 12627 | Lair:1   | Entered Level 1 of the Lair of Beasts
 12916 | Lair:1   | Noticed Sonja
 13007 | Lair:2   | Received a gift from Okawaru
 13082 | Lair:2   | Reached skill level 1 in Invocations
 13141 | Lair:2   | Received a gift from Okawaru
 13189 | Lair:2   | Reached skill level 5 in Invocations
 13855 | Lair:2   | Noticed a wolf spider
 13909 | Lair:2   | Killed a wolf spider
 14592 | Lair:3   | Found a frozen archway.
 14622 | IceCv    | Entered an ice cave
 14622 | IceCv    | Noticed a white ugly thing
 15387 | Lair:3   | Reached XP level 12. HP: 66/115 MP: 18/18
 16216 | Lair:3   | Received a gift from Okawaru
 16221 | Lair:3   | Reached skill level 1 in Evocations
 16832 | Lair:4   | Identified 2 scrolls of acquirement
 16834 | Lair:4   | Got the ring of Veareint {+Blink SInv}
 17032 | Lair:4   | Found a staircase to the Swamp.
 17060 | Lair:4   | Noticed a five-headed hydra
 17094 | Lair:4   | Killed a five-headed hydra
 17796 | Lair:4   | Found a shattered altar of Ashenzari.
 18122 | Lair:4   | Noticed an entropy weaver
 18363 | Lair:4   | Noticed an entropy weaver
 18400 | Lair:3   | Received a gift from Okawaru
 18401 | Lair:3   | Got an encrusted longbow {god gift}
 18417 | Lair:3   | Identified the +3 longbow of Oxuiqiwo {speed, Str+2}
                  | (Okawaru gifted it to you on level 3 of the Lair of Beasts)
 18865 | Lair:4   | Killed an entropy weaver
 19439 | Lair:4   | Noticed a queen ant
 19474 | Lair:4   | Killed a queen ant
 19474 | Lair:4   | Reached skill level 15 in Bows
 19554 | Lair:4   | Killed an entropy weaver
 20454 | Lair:4   | Received a gift from Okawaru
 20454 | Lair:4   | Reached XP level 13. HP: 104/123 MP: 19/19
 20628 | Lair:6   | Entered Level 6 of the Lair of Beasts
 21002 | Lair:5   | Identified Yrasauvuete's Handbook of Ashen Toxins
 21099 | Lair:6   | Identified the Grimoire of Envenoming and Evil
 21384 | Lair:6   | Reached skill level 5 in Evocations
 21428 | Lair:6   | Received a gift from Okawaru
 21428 | Lair:6   | Noticed a dire elephant
 21623 | Lair:5   | Received a gift from Okawaru
 21704 | Lair:5   | Received a gift from Okawaru
 22015 | Lair:5   | Reached ****** piety under Okawaru
 22649 | Lair:6   | Got a spiked leather armour
 22670 | Lair:6   | Identified the +1 leather armour of the Vanishing Lovers
                  | {rC+} (You found it on level 6 of the Lair of Beasts)
 22785 | Lair:6   | Reached XP level 14. HP: 130/130 MP: 20/20
 23180 | Lair:6   | Got a jewelled hand axe
 23553 | Lair:3   | Identified the cursed +2 hand axe of Greed {vorpal, +Blink
                  | Str-4 Stlth+} (You found it on level 6 of the Lair of
                  | Beasts)
 23604 | Lair:2   | Found a hole to the Spider Nest.
 23619 | Spider:1 | Entered Level 1 of the Spider Nest
 25332 | D:12     | Found Raegiska's Gadget Emporium.
 25337 | D:12     | Received a gift from Okawaru
 25375 | D:12     | Bought a wand of paralysis (5) for 84 gold pieces
 25430 | D:12     | Found Noot's Food Shoppe.
 25844 | D:12     | Noticed Josephine
 25847 | D:12     | Killed Josephine
 26432 | D:13     | Noticed Rupert
 26436 | D:13     | Paralysed by Rupert for 2 turns
 27289 | D:13     | Killed Rupert
 27289 | D:13     | Received a gift from Okawaru
 27289 | D:13     | Received a gift from Okawaru
 27501 | D:14     | Reached skill level 5 in Armour
 27876 | D:14     | Found a flagged portal.
 27883 | Bailey   | Entered a bailey
 28325 | D:14     | Reached XP level 15. HP: 85/138 MP: 14/21
 28994 | D:14     | Received a gift from Okawaru
 29164 | D:14     | Found a gate to the Vaults.
 29381 | D:14     | Found a bloodstained altar of Trog.
 29688 | Orc:1    | Entered Level 1 of the Orcish Mines
 29727 | Orc:1    | Found a roughly hewn altar of Beogh.
 29888 | Orc:1    | Received a gift from Okawaru
 30162 | Orc:2    | Entered Level 2 of the Orcish Mines
 30162 | Orc:2    | Found Maubem's Food Boutique.
 30170 | Orc:2    | Found a staircase to the Elven Halls.
 30765 | Orc:2    | Received a gift from Okawaru
 30945 | Orc:2    | Received a gift from Okawaru
 30989 | Orc:2    | Found Ivynatt's Food Shop.
 31059 | Orc:2    | Found Peiwir's Gadget Boutique.
 31068 | Orc:2    | Found Ymucuts's General Store.
 31124 | Orc:2    | Found Yciset's Assorted Antiques.
 31138 | Orc:2    | Bought a scroll of identify for 66 gold pieces
 31138 | Orc:2    | Bought a scroll of identify for 66 gold pieces
 31138 | Orc:2    | Bought a scroll of enchant armour for 247 gold pieces
 31138 | Orc:2    | Bought a large beryl amulet for 165 gold pieces
 31138 | Orc:2    | Bought a scroll of identify for 66 gold pieces
 31139 | Orc:2    | Bought a scroll of enchant weapon for 75 gold pieces
 31139 | Orc:2    | Bought a ration for 50 gold pieces
 31316 | Orc:2    | Bought a scroll of teleportation for 30 gold pieces
 31316 | Orc:2    | Bought a potion of haste for 100 gold pieces
 31316 | Orc:2    | Bought a scroll of identify for 20 gold pieces
 31565 | D:15     | Entered Level 15 of the Dungeon
 31667 | D:15     | Received a gift from Okawaru
 31785 | D:15     | Received a gift from Okawaru
 31785 | D:15     | Reached skill level 10 in Armour
 32602 | D:15     | Received a gift from Okawaru
 32620 | D:15     | Received a gift from Okawaru
 32781 | D:15     | Found a staircase to the Depths.
 33218 | Spider:1 | Received a gift from Okawaru
 33298 | Spider:1 | Reached XP level 16. HP: 147/147 MP: 22/22
 33369 | Spider:1 | Reached skill level 15 in Fighting
 35359 | Spider:2 | Received a gift from Okawaru
 35721 | Spider:2 | Received a gift from Okawaru
 36060 | Spider:2 | Paralysed by a hornet for 2 turns
 37174 | Spider:3 | Received a gift from Okawaru
 37416 | Spider:3 | Noticed Aizul
 37447 | Spider:3 | Killed Aizul
 37764 | Spider:4 | Entered Level 4 of the Spider Nest
 37956 | Spider:3 | Received a gift from Okawaru
 38189 | Swamp:1  | Entered Level 1 of the Swamp
 38383 | Swamp:1  | Received a gift from Okawaru
 39295 | Swamp:2  | Received a gift from Okawaru
 39542 | Swamp:2  | Got a brightly glowing dagger
 39837 | Swamp:2  | Reached XP level 17. HP: 161/161 MP: 23/23
 40799 | Swamp:3  | Found a runed translucent door.
 40799 | Swamp:3  | Found a shimmering altar of Xom.
 40799 | Swamp:3  | Noticed loom's ghost (adept TrMo)
 40864 | Swamp:3  | Received a gift from Okawaru
 40865 | Swamp:3  | Got a crude shortbow {god gift}
 40960 | Swamp:3  | Identified the +8 dagger "Yreaz" {vorpal, rPois Dex+4
                  | Stlth+} (You found it on level 2 of the Swamp)
 40983 | Swamp:3  | Got a vibrating wooden ring
 41405 | Swamp:4  | Entered Level 4 of the Swamp
 41757 | Swamp:4  | Received a gift from Okawaru
 41902 | Swamp:4  | Noticed Bai Suzhen
 41938 | Swamp:4  | Killed Bai Suzhen
 42016 | Swamp:4  | Received a gift from Okawaru
 42114 | Swamp:4  | Received a gift from Okawaru
 42115 | Swamp:4  | Got a pair of twisted gloves {god gift}
 42134 | Swamp:3  | Identified the +0 pair of gloves "Tiekhaoc" {rPois rCorr
                  | Dex+2 Stlth+} (Okawaru gifted it to you on level 4 of the
                  | Swamp)
 42138 | Swamp:3  | Identified the ring "Vuxan" {rC+ MR+ Dex+5 Stlth+} (You
                  | found it on level 3 of the Swamp)
 42605 | Swamp:4  | Got a decaying rune of Zot
 44073 | Spider:4 | Reached XP level 18. HP: 117/178 MP: 24/24
 44710 | Spider:4 | Received a gift from Okawaru
 45043 | Spider:4 | Got a gossamer rune of Zot
 45380 | Lair:1   | Killed Sonja
 45585 | Vaults:1 | Entered Level 1 of the Vaults
 46333 | Vaults:1 | Found Ciney's General Store.
 46566 | Vaults:1 | Received a gift from Okawaru
 46878 | Vaults:1 | Received a gift from Okawaru
 48067 | Vaults:2 | Noticed Boris
 48117 | Vaults:1 | Killed from afar by Boris

Illustrated notes

Levels and vault maps discovered:
D:1:      ncdulo_lavacross, layout_basic
D:2:      layout_loops_ring, amethyst_overflow_temple_binary
D:3:      layout_basic, overflow_temple_1_default, uniq_terence
D:4:      layout_cave_pools, old_standard_altar, serial_column_ruins,
          column_ruins_grid_1, column_ruins_columns_straight,
          column_ruins_columns_corner, column_ruins_corridor_water,
          column_ruins_grid_4, uniq_duvessa
D:5:      minmay_evil_eye, layout_basic, minmay_temple_entry_slanted,
          first_ration, serial_shops, nicolae_shop_overgrown_old_shop,
          nicolae_ru_path_of_blood, uniq_ijyb
D:6:      layout_basic, patterned_corridor
D:7:      layout_loops_cross, kennysheep_little_box, kennysheep_generic_room_5
D:8:      layout_basic, blue_anna_alchemist [blue_anna_fruit_fields,
          blue_anna_fruit_fields], grunt_dithmenos_smoke
D:9:      layout_roguey, nicolae_overflow_crystal_walls, orc_0_dummy,
          hangedman_feature_mirror
D:10:     layout_basic, minmay_lair_entry_grove, serial_rivers,
          chequers_serial_rivers_micro_e, chequers_serial_rivers_room_a,
          chequers_serial_rivers_micro_c, chequers_serial_rivers_large_b,
          chequers_serial_rivers_large_a
D:11:     minmay_recursive_quarters, layout_irregular_city
D:12:     layout_stronghold, serial_shops, shop, shop, uniq_josephine
D:13:     layout_basic, uniq_rupert
D:14:     layout_roguey [special_room_bee], grunt_vaults_entry_tiered,
          enter_bailey_3, trog_wizard
D:15:     grunt_enter_depths_hoard, layout_loops_cross, nicolae_twisting_strands
Temple:   nicolae_temple_elliptical
Lair:1:   layout_roguey, pond, infiniplex_staircase_pool, serial_bayou_shore_b,
          lemuel_fruit_tree, lemuel_fruit_fields, serial_bayou_shore_b,
          uniq_sonja
Lair:2:   layout_regular_city, spider_nest_entry_funnel_web, grunt_megastairs_5
Lair:3:   layout_gridlike, portal_ice_cave_entry_imps
Lair:4:   layout_layer_cave, minmay_swamp_entry_reptiles, serial_rivers,
          chequers_serial_rivers_small_a, chequers_serial_rivers_small_a,
          chequers_serial_rivers_small_a, chequers_serial_rivers_micro_c,
          chequers_serial_rivers_room_a, chequers_serial_rivers_marsh,
          basic_altar, st_stairs_9, zaba_antful_of_joy, grunt_megastairs_2
Lair:5:   layout_roguey, minmay_slime_entry_oklob_open, minivault_24,
          grunt_megastairs_3
Lair:6:   gammafunk_lair_ancient_temple, layout_gridlike, gauntlet_entry_generic
Swamp:1:  layout_basic_swamp, evilmike_swamp_ruin_house_1
Swamp:2:  layout_basic_swamp, evilmike_swamp_ruin_rubble_2, swamp_pool1
Swamp:3:  layout_falls_marsh, ebering_ghost_xom, evilmike_swamp_ruin_rubble_1,
          swamp_pool1, statue_in_the_mist_lemuel, nicolae_swamp_round_clearing
Swamp:4:  swamp_alternative, layout_basic_swamp, uniq_bai_suzhen
Spider:1: layout_spider_delve
Spider:2: layout_chambers
Spider:3: layout_spider_delve, uniq_aizul
Spider:4: grunt_spider_rune_circles
Orc:1:    layout_caves, basic_altar
Orc:2:    st_orc_mages, layout_caves, serial_shops, nicolae_shop_trees
Vaults:1: hangedman_vaults_capsules, hangedman_vaults_trim,
          nicolae_vaults_murderbox, vaults_mumra_chevron_long,
          nicolae_vaults_mini_display_case, nicolae_vaults_network_barrier,
          vaults_dpeg_hooks, dpeg_vaults_monster_box, layout_vaults_quadrants,
          serial_shops, shop
Vaults:2: st_more_cells, v_rooms_1, vaults_room_pools,
          ontoclasm_vaults_loading_screen, vaults_dpeg_cross,
          nicolae_vaults_diagonal_hallway_8, vaults_mumra_minichess,
          grunt_vaults_bifocal, layout_vaults_big_room, uniq_boris

Skill      XL: |  1  2  3  4  5  6  7  8  9 10 11 12 13 14 15 16 17 18 |
---------------+-------------------------------------------------------+-----
Bows           | 6 7 8 9 11 16 19 20 | 20.0
Fighting       | 3 4 5 6 9 12 13 14 17 19 20 | 20.3
Armour         | 2 3 6 10 11 12 | 12.5
Shields        | 2 3 |  3.1
Long Blades    | 2 4 |  4.1
Throwing       | 4 |  4.6
Invocations    | 8 |  8.0
Evocations     | 1 5 8 9 |  9.8
Dodging        | |  1.3
Stealth        | |  0.4

Action                   |  1- 3 |  4- 6 |  7- 9 | 10-12 | 13-15 | 16-18 || total
-------------------------+-------+-------+-------+-------+-------+-------++-------
Melee: Spear             |       |   168 |       |       |       |       ||   168
       Kick              |       |    31 |    91 |   169 |     1 |     2 ||   294
       Falchion          |       |    21 |   499 |   783 |     2 |       ||  1305
       Flail             |       |       |    23 |       |       |       ||    23
       Longbow           |       |       |       |       |       |     3 ||     3
 Fire: Shortbow          |    87 |   115 |    49 |    36 |       |       ||   287
       Longbow           |       |       |       |   258 |  1633 |  1853 ||  3744
Throw: Dart              |       |     4 |    20 |     8 |       |       ||    32
Invok: Heroism           |       |       |       |    11 |     4 |     6 ||    21
       Finesse           |       |       |       |     3 |     8 |     5 ||    16
 Abil: Evoke Blink       |       |       |       |       |       |     3 ||     3
  Use: Scroll            |       |    11 |     8 |    13 |    11 |     7 ||    50
       Potion            |       |       |       |     1 |       |     4 ||     5
 Stab: Sleeping          |       |       |     1 |       |       |       ||     1
  Eat: Chunk             |       |     6 |     4 |    10 |    16 |     7 ||    43
       Ration            |       |     1 |     6 |     6 |     4 |     8 ||    25
Armor: Leather armour    |    11 |    34 |       |       |       |       ||    45
       Ring mail         |       |    31 |   219 |   283 |   129 |   215 ||   877
       Storm dragon scal |       |       |       |       |       |   141 ||   141
Dodge: Dodged            |    16 |    88 |    62 |    47 |    64 |   125 ||   402
       Repelled          |       |       |       |       |    15 |    11 ||    26
Block: Kite shield       |       |       |   577 |   892 |     1 |       ||  1470
       Rpst.: Falchion   |       |     5 |    16 |     2 |       |       ||    23

Table legend:
 A = Non-vault XP
 B = Vault XP
 C = Vault XP percentage of total XP
 D = Non-vault monster count
 E = Vault monster count
 F = Vault count percentage of total count
                 A         B        C        D         E       F
            +---------+---------+-------+---------+---------+-------
      Total |  225237 |  121139 |  35.0 |     868 |     368 |  29.8
            +---------+---------+-------+---------+---------+-------
        D:1 |      65 |       0 |   0.0 |      23 |       0 |   0.0
        D:2 |     125 |       0 |   0.0 |      30 |       0 |   0.0
        D:3 |     409 |       0 |   0.0 |      31 |       0 |   0.0
        D:4 |      44 |     202 |  82.1 |       5 |       2 |  28.6
        D:5 |     436 |      55 |  11.2 |      13 |       5 |  27.8
        D:6 |    1010 |      21 |   2.0 |      18 |       2 |  10.0
        D:7 |     178 |     118 |  39.9 |       5 |       1 |  16.7
        D:8 |    1661 |     338 |  16.9 |      24 |       2 |   7.7
        D:9 |    2062 |      42 |   2.0 |      18 |       1 |   5.3
       D:10 |    3423 |    1400 |  29.0 |      28 |      12 |  30.0
       D:11 |    3532 |    1241 |  26.0 |      21 |      11 |  34.4
       D:12 |    4982 |    1690 |  25.3 |      33 |       4 |  10.8
       D:13 |    8329 |    2740 |  24.8 |      23 |       1 |   4.2
       D:14 |   15280 |   10776 |  41.4 |      50 |      55 |  52.4
       D:15 |   16006 |    2062 |  11.4 |      36 |       2 |   5.3
     Lair:1 |    1650 |    1051 |  38.9 |       8 |       7 |  46.7
     Lair:2 |    6956 |    1107 |  13.7 |      42 |       3 |   6.7
     Lair:3 |    4936 |    1661 |  25.2 |      23 |      19 |  45.2
     Lair:4 |    3884 |    9471 |  70.9 |      15 |      42 |  73.7
     Lair:5 |   11392 |     310 |   2.6 |      30 |       2 |   6.2
     Lair:6 |    6298 |   11065 |  63.7 |      19 |      26 |  57.8
    Swamp:1 |   10761 |       0 |   0.0 |      32 |       0 |   0.0
    Swamp:2 |   10105 |       0 |   0.0 |      28 |       0 |   0.0
    Swamp:3 |   16896 |     735 |   4.2 |      39 |       1 |   2.5
    Swamp:4 |   11936 |   24401 |  67.2 |      18 |      26 |  59.1
   Spider:1 |   14852 |       0 |   0.0 |      44 |       0 |   0.0
   Spider:2 |   12430 |       0 |   0.0 |      40 |       0 |   0.0
   Spider:3 |   12279 |    2121 |  14.7 |      38 |       3 |   7.3
   Spider:4 |   17197 |   22655 |  56.8 |      33 |      39 |  54.2
      Orc:1 |    1976 |       0 |   0.0 |      30 |       0 |   0.0
      Orc:2 |    4065 |    5094 |  55.6 |      31 |      44 |  58.7
   Vaults:1 |   19147 |   19566 |  50.5 |      39 |      28 |  41.8
   Vaults:2 |     935 |       0 |   0.0 |       1 |       0 |   0.0
     Bailey |       0 |    1217 | 100.0 |       0 |      30 | 100.0
            +---------+---------+-------+---------+---------+-------
